 Dungeon Crawl Stone Soup version 0.21.1-1-g345015f (webtiles) character file.

396 Lilu the Conjurer (level 6, 0/32 HPs)
             Began as a Deep Elf Conjurer on July 22, 2018.
             Shot with an arrow by a centaur (1 damage)
             ... on level 4 of the Dungeon.
             The game lasted 00:33:15 (3972 turns).

Lilu the Conjurer (Deep Elf Conjurer)               Turns: 3972, Time: 00:33:16

Health: 0/32       AC:  7    Str:  7    XL:     6   Next: 52%
Magic:  14/15      EV: 13    Int: 20    God:
Gold:   141        SH:  0    Dex: 15    Spells: 2/14 levels left

rFire    . . .     SeeInvis .   z - +3 quarterstaff (chaos)
rCold    . . .     Gourm    .   (shield currently unavailable)
rNeg     . . .     Faith    .   a - +0 robe
rPois    .         Spirit   .   (no helmet)
rElec    .         Reflect  .   u - +2 cloak
rCorr    .         Harm     .   l - +0 pair of gloves
MR       +....                  h - +0 pair of boots
Stlth    ++........             (no amulet)
HPRegen  0.10/turn              y - ring of protection from magic
MPRegen  0.14/turn              (no ring)

@: no status effects
A: no striking features
a: no special abilities


You were on level 4 of the Dungeon.
You were not hungry.

You visited 1 branch of the dungeon, and saw 6 of its levels.

You collected 141 gold pieces.

Inventory:

Hand Weapons
 j - a +0 hand axe
 q - a +0 blowgun
 w - a +0 dagger of electrocution
 z - a +3 quarterstaff of chaos (weapon)
 B - a +0 mace of crushing
 C - a +2 long sword of holy wrath
 D - a +0 arbalest
Missiles
 i - 31 sling bullets
 p - 183 stones (quivered)
 r - 101 arrows
 s - 63 poisoned needles
Armour
 a - a +0 robe (worn)
 h - a +0 pair of boots (worn)
 l - a +0 pair of gloves (worn)
 u - a +2 cloak (worn)
 A - a +0 cloak
Jewellery
 y - a ring of protection from magic (left hand)
 G - an uncursed amulet of guardian spirit {unknown}
Wands
 g - a wand of enslavement (6)
Scrolls
 f - 4 scrolls of teleportation
 m - a scroll of amnesia
 t - 5 scrolls of identify
 x - 5 scrolls of remove curse
Potions
 d - a potion of lignification {unknown}
 e - 2 potions of might {unknown}
 k - 2 potions of flight {unknown}
 n - a potion of haste {unknown}
 o - 2 potions of brilliance {unknown}
 v - 3 potions of curing {unknown}
Books
 b - a book of Conjurations

   Spells                             Type                      Level
   a - Magic Dart                     Conjuration                  1
   b - Searing Ray                    Conjuration                  2
   c - Dazzling Spray                 Conjuration/Hexes            3
   d - Fulminant Prism                Conjuration/Hexes            4
   e - Force Lance                    Conjuration/Translocation    4
   f - Iskenderun's Mystic Blast      Conjuration                  4
 F - the Almanac of Blistering Protection
   (You found it on level 4 of the Dungeon)

   Spells                             Type                      Level
   a - Throw Flame                    Conjuration/Fire             2
   b - Spectral Weapon                Hexes/Charms                 3
   c - Iskenderun's Battlesphere      Conjuration/Charms           5
   d - Bolt of Fire                   Conjuration/Fire             6
Comestibles
 c - 7 rations
 E - 6 chunks of flesh


   Skills:
 - Level 0.1 Fighting
 - Level 2.4 Dodging
 - Level 2.4 Stealth
 - Level 4.7 Spellcasting
 - Level 7.0 Conjurations
 * Level 4.9 Charms


You had 2 spell levels left.
You knew the following spells:

 Your Spells              Type           Power        Failure   Level  Hunger
a - Magic Dart            Conj           ####         1%          1    None
b - Iskenderun's Mystic   Conj           ####....     7%          4    ####...
c - Searing Ray           Conj           ####..       1%          2    #......
d - Iskenderun's Battles  Conj/Chrm      ####....     28%         5    ######.


Dungeon Overview and Level Annotations

Branches:
Dungeon (6/15)
 Temple: D:4-7

Altars:
Qazlal
Wu Jian
Xom

Annotations:
D:3 wistyy's ghost, amateur MiFi
D:4 goulibeur's ghost, amateur DsAK


Message History

Confirm with . or Enter, or press ? or * to list all spells.
Aiming: Magic Dart
Press: ? - help, Shift-Dir - straight line, f/p - orc
Aim: an orc, wielding a flail (heavily wounded)
The magic dart hits the orc.
You kill the orc!
You see here a flail.
The centaur shouts!
The centaur wields a shortbow.
The centaur shoots an arrow.
The arrow hits you!
Things that are here:
an arrow; 15 gold pieces The centaur shoots an arrow.
The arrow hits you.
The centaur shoots an arrow.
The arrow hits you.
You see here 2 arrows.
The centaur shoots an arrow.
The arrow hits you!
* * * LOW HITPOINT WARNING * * *
Things that are here:
an arrow; a flail The centaur shoots an arrow.
The arrow hits you.
You die...

.#.# ... ...#........ #
.#.##...#...#####.#........ #.#
............. .......# #.. #.#
.####..W#...# #.# #..###.# .###
.......# #.# #.#.......
........#...# #.# #.#......#
...#....#...# #.# .........
........#...#####.## #...##.#
.#.#....#.......@..# #.......
........#<..#####(.# .#...##.#
............# #(.# #.#......#
.#.#...###..# #(.# #.##......
.#.#........#####..###.#.##..####
.#.#...............c.....c......#
.#.##..###..#####..#####.##..#...
............######.#####.##..#.##
............................[#.##


You could see a centaur.

Vanquished Creatures
  A bullfrog zombie (D:4)
  An orc priest (D:4)
  Crazy Yiuf (D:2)
  Jessica (D:2)
  Natasha (twice) (D:2)
  An iguana (D:4)
  An orc wizard (D:4)
  A worker ant (D:4)
  4 gnolls (D:4)
  3 adders
  An adder skeleton (D:3)
  2 worms (D:4)
  5 leopard geckos
  10 orcs
  4 bats
  4 giant cockroaches
  4 goblins
  3 hobgoblins (D:1)
  4 jackals
  8 kobolds
  3 quokkas
  5 frilled lizards
  11 rats
80 creatures vanquished.

Notes
Turn   | Place    | Note
-------+----------+-------------------------------------------
     0 | D:1      | Lilu the Deep Elf Conjurer began the quest for the Orb.
     0 | D:1      | Reached XP level 1. HP: 10/10 MP: 6/6
   186 | D:1      | Reached XP level 2. HP: 15/15 MP: 6/8
   270 | D:1      | Reached skill level 5 in Conjurations
   838 | D:2      | Found an ornate altar of the Wu Jian Council.
   840 | D:2      | Found a stormy altar of Qazlal.
   840 | D:2      | Noticed Jessica
   846 | D:2      | Killed Jessica
   846 | D:2      | Reached XP level 3. HP: 13/19 MP: 1/9
  1395 | D:2      | Noticed Natasha
  1402 | D:2      | Killed Natasha
  1402 | D:2      | Reached skill level 6 in Conjurations
  1402 | D:2      | Reached XP level 4. HP: 15/24 MP: 2/10
  1575 | D:2      | Noticed Natasha
  1579 | D:2      | Killed Natasha
  1757 | D:2      | Found a runed door.
  1761 | D:2      | Noticed Crazy Yiuf
  1768 | D:2      | Killed Crazy Yiuf
  1850 | D:2      | Learned a level 4 spell: Iskenderun's Mystic Blast
  1853 | D:2      | Learned a level 2 spell: Searing Ray
  1917 | D:3      | Noticed wistyy's ghost (amateur MiFi)
  1932 | D:3      | Reached XP level 5. HP: 28/28 MP: 9/11
  2051 | D:3      | Reached skill level 7 in Conjurations
  2120 | D:3      | You fall through a shaft for 3 floors!
  2122 | D:6      | Noticed an ice beast
  2125 | D:5      | Entered Level 5 of the Dungeon
  2231 | D:4      | Noticed goulibeur's ghost (amateur DsAK)
  2600 | D:4      | Identified the Almanac of Blistering Protection
  2630 | D:4      | Noticed a centaur
  2726 | D:3      | Learned a level 5 spell: Iskenderun's Battlesphere
  2892 | D:3      | Reached skill level 1 in Charms
  3208 | D:3      | Noticed an ogre
  3235 | D:3      | Found a shimmering altar of Xom.
  3450 | D:4      | Reached XP level 6. HP: 28/32 MP: 10/15
  3971 | D:4      | HP: 1/32 [centaur/arrow (12)]
  3972 | D:4      | Shot with an arrow by a centaur

Skill      XL: |  1  2  3  4  5  6 |
---------------+-------------------+-----
Conjurations   | 5 6 7 |  7.0
Spellcasting   | 4 |  4.7
Charms         | 2 4 |  4.9
Fighting       | |  0.1
Dodging        | |  2.4
Stealth        | |  2.4

Action                   |  1- 3 |  4- 6 || total
-------------------------+-------+-------++-------
Melee: Quarterstaff      |       |    24 ||    24
 Cast: Magic Dart        |    50 |    91 ||   141
       Iskenderun's Myst |       |    16 ||    16
       Searing Ray       |       |     1 ||     1
  Use: Scroll            |     1 |     6 ||     7
  Eat: Chunk             |     1 |    11 ||    12
Armor: Robe              |     5 |    11 ||    16
Dodge: Dodged            |    12 |    29 ||    41
